AoeStats
← {WaZzU'P} Recluta4!

Arena

508098911Analyzed
4v4 RM · 11d ago on Sep 20, 2026· 107m 0s· 8 players
Game mode
Random Map
Map size
Large (8 player)
Population
200
Speed
Normal
Resources
Standard
Victory
Conquest
Starting age
Dark Age
Ending age
Imperial Age
RankedLock teamsTeams togetherTeam positionsShared explorationLock speedFull tech treeHidden civsTurbo modeCheats
Victory
Defeat
🇺🇸 Spanish · United States
1172
+12
🇻🇪 Georgians · Venezuela
1088
+15
🇨🇭 Bengalis · Switzerland
1082
+16
🇧🇷 Khmer · Brazil
1045
+17
🇧🇪 Maya · Belgium
1089
-16
🇺🇸 Persians · United States
1080
-15
🇵🇱 Romans · Poland
1075
-15
🇺🇸 Khmer · United States
1057
-38
Hav1k
0:33 Loom
11:29 Feudal Age
12:42 Horse Collar
12:54 Double-Bit Axe
19:30 Castle Age
17:53 Stone Mining
17:56 Gold Mining
20:07 Bow Saw
20:00 Heavy Plow
22:34 Wheelbarrow
27:47 Hand Cart
28:29 Forging
33:35 Imperial Age
31:28 Scale Barding Armor
32:10 Gold Shaft Mining
32:48 Iron Casting
32:41 Chain Barding Armor
32:52 Crossbowman
33:38 Thumb Ring
34:51 Chemistry
34:43 Stone Shaft Mining
35:11 Blast Furnace
34:27 Town Watch
35:30 Plate Barding Armor
35:14 Elite War Elephant
36:11 Citadels
36:51 Padded Archer Armor
36:56 Kamandaran
37:14 Fletching
38:25 Leather Archer Armor
38:31 Bodkin Arrow
40:44 Ring Archer Armor
42:45 Two-Man Saw
56:26 Town Patrol
68:46 Pikeman
69:27 Squires
69:30 Scale Mail Armor
71:41 Coinage
71:18 Caravan
86:01 Guilds
99:14 Halberdier
100:13 Chain Mail Armor
105:39 Plate Mail Armor
eofh
2:51 Loom
10:41 Feudal Age
11:25 Double-Bit Axe
11:48 Horse Collar
15:48 Wheelbarrow
18:14 Castle Age
19:45 Bow Saw
19:43 Heavy Plow
20:42 Gold Mining
22:54 Town Watch
23:32 Bloodlines
22:43 Light Cavalry
24:01 Stone Mining
26:23 Gold Shaft Mining
32:30 Imperial Age
30:18 Hand Cart
30:13 Town Patrol
31:13 Husbandry
33:24 Ballistics
32:47 Heavy Scorpion
33:52 Conscription
35:14 Hussar
36:36 Siege Engineers
37:33 Chemistry
38:18 Sanctity
38:04 Devotion
39:30 Scale Barding Armor
40:20 Forging
43:16 Chain Barding Armor
59:09 Iron Casting
62:37 Blast Furnace
62:43 Plate Barding Armor
74:43 Double Crossbow
79:42 Masonry
loczekk_95
2:23 Loom
10:32 Feudal Age
12:13 Wheelbarrow
11:27 Double-Bit Axe
11:23 Horse Collar
11:36 Gold Mining
20:14 Castle Age
18:39 Scale Mail Armor
19:03 Forging
19:02 Stone Mining
18:43 Man-at-Arms
21:14 Hand Cart
21:59 Bow Saw
22:29 Heavy Plow
23:28 Gold Shaft Mining
31:48 Imperial Age
29:33 Ballistas
29:33 Long Swordsman
30:13 Squires
30:29 Murder Holes
30:55 Ballistics
31:19 Chain Mail Armor
31:39 Iron Casting
33:33 Chemistry
32:16 Heavy Scorpion
39:33 Masonry
39:56 Crop Rotation
39:44 Legionary
41:27 Blast Furnace
40:18 Fletching
40:28 Padded Archer Armor
40:34 Scale Barding Armor
40:42 Fortified Wall
41:03 Architecture
40:05 Capped Ram
42:44 Siege Ram
43:48 Pikeman
44:41 Bodkin Arrow
45:01 Leather Archer Armor
44:35 Halberdier
47:11 Husbandry
47:34 Bloodlines
46:44 Light Cavalry
53:24 Chain Barding Armor
59:57 Caravan
88:59 Plate Barding Armor
88:47 Comitatenses
88:48 Conscription
89:59 Town Watch
90:51 Onager
PietrusIV
0:31 Loom
10:44 Feudal Age
15:52 Castle Age
14:36 Double-Bit Axe
14:46 Gold Mining
14:39 Horse Collar
18:27 Bow Saw
22:04 Town Watch
22:59 Wheelbarrow
23:33 Stone Mining
24:20 Elite Skirmisher
25:41 Fletching
25:51 Padded Archer Armor
26:26 Bodkin Arrow
28:44 Leather Archer Armor
31:44 Imperial Age
30:35 Ballistics
30:27 Fortified Wall
30:28 Masonry
30:53 Forging
32:54 Iron Casting
34:06 Chemistry
33:32 Bracer
34:46 Architecture
35:26 Ring Archer Armor
35:09 Hul'che Javelineers
35:10 Onager
36:41 Conscription
37:58 Blast Furnace
36:56 Murder Holes
42:11 Heated Shot
42:12 Guard Tower
44:10 Hoardings
47:16 Stone Shaft Mining
48:38 Hand Cart
50:06 Keep
53:13 Capped Ram
55:08 Scale Mail Armor
54:46 Eagle Warrior
56:14 Chain Mail Armor
55:38 Elite Eagle Warrior
56:04 Arson
56:52 Holcans
56:39 Squires
57:35 Plate Mail Armor
65:14 Pikeman
66:16 Halberdier
73:49 Treadmill Crane
{WaZzU'P} Recluta4!
10:43 Feudal Age
11:24 Horse Collar
15:42 Castle Age
16:22 Double-Bit Axe
16:39 Heavy Plow
20:37 Loom
21:04 Town Watch
22:26 Wheelbarrow
22:45 Gold Mining
24:02 Hand Cart
26:09 Stone Mining
27:15 Redemption
27:12 Scale Barding Armor
28:15 Chain Barding Armor
28:24 Sanctity
28:48 Inquisition
29:32 Fervor
29:27 Atonement
30:11 Bloodlines
30:02 Husbandry
32:52 Imperial Age
30:24 Town Patrol
30:37 Forging
32:20 Fletching
31:52 Light Cavalry
33:58 Supremacy
33:56 Block Printing
34:09 Illumination
34:24 Theocracy
34:26 Plate Barding Armor
33:32 Capped Ram
35:58 Iron Casting
34:49 Hussar
37:30 Hoardings
37:58 Masonry
38:49 Chemistry
40:57 Blast Furnace
41:12 Hoardings
40:32 Cavalier
43:27 Conscription
45:32 Bow Saw
49:01 Stone Shaft Mining
49:57 Caravan
50:08 Guilds
50:29 Coinage
51:56 Cavalier
52:36 Padded Archer Armor
54:15 Two-Man Saw
53:48 Banking
54:29 Paladin
66:14 Leather Archer Armor
65:27 Elite Conquistador
67:19 Ballistics
66:55 Murder Holes
70:04 Ring Archer Armor
69:30 Bodkin Arrow
71:35 Bracer
73:37 Chemistry
72:49 Thumb Ring
74:47 Fervor
82:50 Siege Ram
90:20 Chemistry
89:32 Fortified Wall
89:33 Masonry
94:54 Architecture
96:25 Squires
{WaZzU'P} Sr Gilmapi
5:41 Loom
10:38 Feudal Age
16:33 Castle Age
14:28 Horse Collar
14:35 Double-Bit Axe
15:26 Stone Mining
22:41 Pikeman
25:39 Forging
27:18 Scale Barding Armor
31:35 Imperial Age
29:52 Fletching
30:34 Bodkin Arrow
35:35 Chemistry
35:14 Wheelbarrow
37:27 Chain Barding Armor
37:43 Iron Casting
38:11 Bloodlines
38:02 Husbandry
37:23 Cavalier
40:51 Plate Barding Armor
52:55 Heavy Scorpion
57:08 Bracer
58:20 Padded Archer Armor
62:24 Hand Cart
64:07 Blast Furnace
65:29 Light Cavalry
66:22 Hussar
70:05 Gambesons
69:41 Man-at-Arms
70:22 Squires
71:33 Long Swordsman
72:36 Two-Handed Swordsman
74:42 Scale Mail Armor
74:33 Champion
76:36 Chain Mail Armor
77:15 Heavy Plow
82:55 Plate Mail Armor
90:30 Caravan
93:50 Arson
{WaZzU'P} GranPolo
11:25 Feudal Age
16:34 Castle Age
15:14 Double-Bit Axe
18:23 Bow Saw
18:03 Horse Collar
22:28 Wheelbarrow
24:06 Heavy Plow
26:20 Hand Cart
29:39 Imperial Age
27:43 Gold Mining
28:08 Town Watch
29:28 Town Patrol
30:29 Husbandry
30:40 Bloodlines
30:33 Siege Elephant
30:57 Elite Battle Elephant
33:01 Gold Shaft Mining
32:17 Stone Mining
35:33 Forging
35:28 Scale Barding Armor
37:05 Iron Casting
37:18 Crop Rotation
37:58 Chain Barding Armor
39:43 Blast Furnace
39:31 Paiks
40:19 Plate Barding Armor
41:34 Scale Mail Armor
41:28 Light Cavalry
41:43 Pikeman
42:23 Squires
44:08 Chain Mail Armor
44:56 Halberdier
45:22 Gambesons
46:18 Mahayana
47:54 Heavy Scorpion
48:56 Fletching
52:44 Bodkin Arrow
60:00 Onager
78:14 Two-Man Saw
78:51 Caravan
88:00 Coinage
87:40 Guilds
90:47 Banking
90:20 Arson
92:20 Conscription
103:11 Elite Elephant Archer
106:21 Bracer
106:22 Padded Archer Armor
ramonludtke
12:05 Feudal Age
15:06 Castle Age
14:48 Double-Bit Axe
15:32 Stone Mining
16:23 Bow Saw
18:59 Loom
22:03 Stone Shaft Mining
26:33 Ballistics
26:48 Horse Collar
28:58 Fletching
29:08 Padded Archer Armor
31:38 Gold Mining
34:42 Imperial Age
32:36 Heavy Plow
33:17 Wheelbarrow
32:27 Town Watch
33:28 Masonry
34:32 Gold Shaft Mining
34:17 Hand Cart
34:08 Caravan
34:47 Bodkin Arrow
35:07 Leather Archer Armor
37:48 Bracer
38:19 Ring Archer Armor
40:59 Light Cavalry
41:40 Husbandry
41:51 Bloodlines
41:14 Pikeman
43:26 Scale Barding Armor
44:24 Halberdier
44:51 Arson
44:31 Hussar
46:48 Chemistry
46:11 Chain Barding Armor
55:08 Town Patrol
55:53 Cavalier
61:31 Plate Barding Armor
61:07 Forging
73:40 Iron Casting
73:01 Elite Ballista Elephant
90:08 Architecture
96:28 Siege Engineers
105:11 Tusk Swords
105:13 Double Crossbow
105:15 Tusk Swords
105:16 Double Crossbow
105:17 Tusk Swords
105:30 Tusk Swords
105:31 Double Crossbow
106:34 Conscription
105:45 Sappers
106:50 Hoardings
Connection lost

Rejoining the realm…

Still unreachable

The connection could not be restored.

Session expired

The server has moved on; the page needs a fresh start.